AoeStats
← inman.chris406

Arabia

505059464Analyzed
1v1 RM · 24d ago on Sep 7, 2026· 50m 28s· 2 players
Game mode
Random Map
Map size
Tiny (2 player)
Population
200
Speed
Normal
Resources
Standard
Victory
Conquest
Starting age
Dark Age
Ending age
Imperial Age
RankedLock teamsTeams togetherTeam positionsShared explorationLock speedFull tech treeHidden civsTurbo modeCheats
Victory
Defeat
🇺🇸 Tatars · United States
901
+15
🇧🇪 Japanese · Belgium
880
-17
Balthazar Boma
15:01 Loom
17:35 Feudal Age
19:47 Horse Collar
20:37 Man-at-Arms
22:21 Wheelbarrow
23:25 Double-Bit Axe
26:43 Castle Age
25:31 Town Watch
31:18 Heavy Plow
31:30 Bow Saw
31:36 Scale Barding Armor
31:38 Stone Mining
31:40 Gold Mining
32:02 Squires
31:25 Pikeman
34:26 Chain Barding Armor
34:15 Scale Mail Armor
35:32 Chain Mail Armor
35:32 Forging
38:33 Yasama
39:05 Guard Tower
40:15 Murder Holes
40:35 Masonry
41:04 Iron Casting
40:52 Chain Barding Armor
42:22 Treadmill Crane
43:05 Gambesons
44:08 Hand Cart
43:55 Town Patrol
44:32 Ballistics
47:46 Gold Shaft Mining
49:47 Imperial Age
47:23 Fletching
49:33 Bodkin Arrow
49:39 Padded Archer Armor
inman.chris406
6:53 Loom
9:32 Feudal Age
10:05 Double-Bit Axe
19:39 Castle Age
18:18 Horse Collar
18:36 Gold Mining
21:23 Bloodlines
21:42 Scale Barding Armor
21:48 Forging
28:22 Wheelbarrow
28:09 Bow Saw
30:38 Hand Cart
30:09 Town Watch
30:25 Stone Mining
31:08 Fletching
31:20 Padded Archer Armor
32:36 Husbandry
33:03 Chain Barding Armor
33:00 Leather Archer Armor
35:17 Ballistics
35:10 Masonry
41:17 Imperial Age
41:40 Murder Holes
41:27 Elite Steppe Lancer
42:49 Plate Barding Armor
42:50 Iron Casting
42:10 Bodkin Arrow
42:46 Ring Archer Armor
41:39 Heavy Cavalry Archer
42:21 Heavy Plow
46:37 Conscription
46:24 Silk Armor
47:43 Town Patrol
48:58 Blast Furnace
47:59 Bracer
Connection lost

Rejoining the realm…

Still unreachable

The connection could not be restored.

Session expired

The server has moved on; the page needs a fresh start.